 Dungeon Crawl Stone Soup version 0.25-a0-1079-g858b6a6ff6 (webtiles) character file.

Game seed: 11047720559458820267, levelgen mode: deterministic

3383 BattleRest the Fighter (level 9, -3/85 HPs)
             Began as a Minotaur Fighter on May 15, 2020.
             Was a Priest of the Shining One.
             Slain by an orc warrior
             ... wielding a +0 halberd
              (15 damage)
             ... in a bailey.
             The game lasted 00:21:10 (7530 turns).

BattleRest the Fighter (Minotaur Fighter)           Turns: 7530, Time: 00:21:11

Health: -3/85      AC: 12    Str: 24    XL:     9   Next: 74%
Magic:  8/8        EV: 10    Int:  5    God:    the Shining One [***...]
Gold:   481        SH:  0    Dex: 10    Spells: 8/8 levels left

rFire    . . .     SeeInvis +   d - +4 battleaxe
rCold    . . .     Gourm    .   (shield currently unavailable)
rNeg     + . .     Faith    .   b - +0 scale mail
rPois    +         Spirit   .   (helmet restricted)
rElec    .         Reflect  .   e - scarf {+Inv}
rCorr    .         Harm     .   (no gloves)
MR       .....                  r - +2 pair of boots
Stlth    ..........             (no amulet)
HPRegen  0.24/turn              i - ring of poison resistance
MPRegen  0.11/turn              k - ring of see invisible

@: glowing
A: retaliatory headbutt, horns 2
a: Divine Shield, Renounce Religion, Evoke Invisibility


You were in a bailey.
You worshipped the Shining One.
The Shining One was most pleased with you.
You were not hungry.

You visited 1 branch of the dungeon, and saw 9 of its levels.
You also visited: Bailey.

You collected 481 gold pieces.

Inventory:

Hand Weapons
 a - a +0 flail
 d - a +4 battleaxe (weapon)
 q - a +1 vorpal great sword
Armour
 b - a +0 scale mail (worn)
 c - a +0 kite shield
 e - a scarf of invisibility (worn)
 r - a +2 pair of boots (worn)
 s - a +0 ring mail
Jewellery
 i - a ring of poison resistance (left hand)
 k - a ring of see invisible (right hand)
 y - an uncursed ring of resist corrosion
Wands
 C - a wand of disintegration (13)
 G - a wand of iceblast (11)
Scrolls
 l - 3 scrolls of remove curse
 o - 2 scrolls of immolation {unknown}
 t - a scroll of teleportation
 u - a scroll of fog {unknown}
 w - 3 scrolls of amnesia {unknown}
 x - a scroll of identify
 B - 2 scrolls of enchant weapon {unknown}
 D - a scroll of fear
Potions
 g - a potion of resistance {unknown}
 h - a potion of mutation {unknown}
 j - 2 potions of might
 m - a potion of cancellation {unknown}
 p - 4 potions of curing
 v - a potion of brilliance {unknown}
 z - a potion of stabbing {unknown}
 A - a potion of flight {unknown}
Comestibles
 f - 18 rations


   Skills:
 + Level 10.2 Fighting
 - Level 5.5 Long Blades
 + Level 6.9(7.3) Axes
 - Level 3.4(5.6) Maces & Flails
 + Level 10.1 Armour
 - Level 4.3 Shields


You had 8 spell levels left.
You didn't know any spells.
Your spell library contained the following spells:

 Spells                   Type           Power        Failure   Level  Hunger
 Apportation              Tloc           #.....       73%         1    ##.....
 Summon Butterflies       Summ           #.......     73%         1    ##.....
 Lesser Beckoning         Tloc           #.........   97%         3    ####...
 Tukima's Dance           Hex            #.......     97%         3    ####...
 Alistair's Intoxication  Tmut/Pois      #.......     100%        5    ######.
 Invisibility             Hex            #.......     100%        6    #######


Dungeon Overview and Level Annotations

Branches:
Dungeon (9/15)             Temple (0/1) D:7            Lair (0/6) D:8
 Bailey (1/1)
    Orc: D:9-12

Altars:
Gozag
Hepliaklqana
Kikubaaqudgha
Qazlal
Ru
Sif Muna
Trog
Vehumet
Yredelemnul
Zin
The Shining One

Shops:
D:4 [

Annotations:
D:7 1 runed translucent door, Crazy Yiuf


Innate Abilities, Weirdness & Mutations

You reflexively headbutt those who attack you in melee.
You have a pair of horns on your head.


Message History

Things that are here:
a +0 trident; a +0 ring mail
There is a gate leading back out of this place here.
You slice the orc!!
You kill the orc!
You feel better.
Things that are here:
a +0 hand axe; an orc corpse The orc warrior hits you with a +0 halberd!
The orc closely misses you.
You slash the orc warrior!
The orc warrior is moderately wounded.
You closely miss the orc.
The orc warrior hits you with a +0 halberd!
* * * LOW HITPOINT WARNING * * *
The orc barely misses you.
The orc warrior hits you from afar with a +0 glaive!
* * * LOW HITPOINT WARNING * * *
The orc warrior hits you from afar with a +0 halberd!
You die...

############ #
##.∩@.o.....## #.
#...o....o...######.o
#......o)))o.#o...#o.
#∩........).o'....'oo
#......).)...#o...#o.
#.......))...######..
##.∩........## #.
############ #


You could see 3 orc warriors and 2 orcs.

Vanquished Creatures
  A hippogriff (D:8)
  A water moccasin (D:7)
  Duvessa (D:3)
  An orc warrior (Bailey)
  2 sky beasts
  2 ice beasts
  3 ogres
  6 bullfrogs
  Dowan (D:3)
  3 scorpions
  A water moccasin skeleton (D:6)
  9 wights
  3 crimson imps
  A quasit (D:6)
  2 jellies
  4 orc priests
  A centaur skeleton (D:8)
  4 hounds
  6 orc wizards
  A bullfrog skeleton (D:7)
  2 iguanas
  8 worker ants
  A worker ant zombie (D:5)
  7 gnolls
  11 adders
  2 shadow imps (D:8)
  3 oozes
  An adder skeleton (D:4)
  2 worms (D:3)
  5 dart slugs
  A leopard gecko (D:2)
  40 orcs
  8 giant cockroaches
  12 goblins
  6 hobgoblins
  6 jackals
  5 quokkas
  A ball python (D:1)
  12 bats
  3 frilled lizards
  9 kobolds
  2 leopard gecko skeletons
  A leopard gecko zombie (D:7)
  11 rats
212 creatures vanquished.

Notes
Turn   | Place    | Note
-------+----------+-------------------------------------------
     0 | D:1      | BattleRest the Minotaur Fighter began the quest for the
                  | Orb.
     0 | D:1      | Reached XP level 1. HP: 19/19 MP: 0/0
     2 | D:1      | Noticed a demigod
     4 | D:1      | Noticed a spriggan
     4 | D:1      | Noticed a formicid
     6 | D:1      | Noticed a vine stalker
     6 | D:1      | Noticed a halfling
     8 | D:1      | Noticed a minotaur
     8 | D:1      | Noticed a centaur
    10 | D:1      | Noticed a human
    10 | D:1      | Noticed a dwarf
    12 | D:1      | Noticed an ogre
    14 | D:1      | Noticed a ghoul
    16 | D:1      | Noticed a merfolk
    16 | D:1      | Noticed a felid
    18 | D:1      | Noticed a naga
    18 | D:1      | Noticed a gargoyle
    20 | D:1      | Noticed a vampire
    20 | D:1      | Noticed a troll
    22 | D:1      | Noticed an octopode
    24 | D:1      | Noticed an elf
    24 | D:1      | Noticed a demonspawn
    26 | D:1      | Noticed a draconian
    26 | D:1      | Noticed a tengu
    68 | D:1      | Reached XP level 2. HP: 27/27 MP: 1/1
   367 | D:1      | Found a glowing golden altar of the Shining One.
   378 | D:1      | Became a worshipper of the Shining One
   633 | D:1      | Reached XP level 3. HP: 33/33 MP: 2/2
  1154 | D:2      | Reached XP level 4. HP: 41/41 MP: 3/3
  1306 | D:2      | Reached * piety under the Shining One
  1698 | D:2      | Found a hazy altar of Hepliaklqana.
  2182 | D:3      | Reached skill level 1 in Long Blades
  2633 | D:3      | Reached XP level 5. HP: 42/47 MP: 4/4
  2787 | D:3      | Reached skill level 5 in Fighting
  2853 | D:3      | Reached skill level 5 in Armour
  3290 | D:4      | Found Fyeriquyng's Antique Armour Shop.
  3329 | D:4      | Noticed Duvessa
  3329 | D:4      | Noticed Dowan
  3333 | D:4      | Reached XP level 6. HP: 52/56 MP: 5/5
  3478 | D:3      | Killed Duvessa
  3483 | D:3      | Killed Dowan
  3748 | D:4      | Noticed a sky beast
  3760 | D:4      | Killed a sky beast
  3760 | D:4      | Reached XP level 7. HP: 63/63 MP: 6/6
  3893 | D:4      | You fall into a shaft and drop 1 floor!
  3893 | D:5      | Entered Level 5 of the Dungeon
  4173 | D:5      | Reached skill level 5 in Long Blades
  4628 | D:6      | Reached ** piety under the Shining One
  4634 | D:5      | Reached XP level 8. HP: 48/73 MP: 7/7
  4842 | D:6      | Reached skill level 1 in Axes
  5319 | D:6      | Found a glowing silver altar of Zin.
  5423 | D:7      | Found an ancient bone altar of Kikubaaqudgha.
  5424 | D:7      | Found a radiant altar of Vehumet.
  5425 | D:7      | Found a bloodstained altar of Trog.
  5427 | D:7      | Found a sacrificial altar of Ru.
  5427 | D:7      | Found a stormy altar of Qazlal.
  5512 | D:7      | Found a basalt altar of Yredelemnul.
  5550 | D:7      | Found a runed translucent door.
  5551 | D:7      | Noticed Crazy Yiuf
  5637 | D:7      | Found a staircase to the Ecumenical Temple.
  5762 | D:7      | Found a shimmering blue altar of Sif Muna.
  5768 | D:7      | Found a glowing golden altar of the Shining One.
  5773 | D:7      | Found an opulent altar of Gozag.
  5827 | D:7      | Reached XP level 9. HP: 82/82 MP: 8/8
  6112 | D:8      | Reached *** piety under the Shining One
  6124 | D:8      | Reached skill level 5 in Axes
  6468 | D:8      | Found an opulent altar of Gozag.
  6546 | D:8      | Found a staircase to the Lair.
  7268 | D:9      | Reached skill level 10 in Fighting
  7272 | D:9      | Reached skill level 10 in Armour
  7285 | D:9      | Found a flagged portal.
  7357 | Bailey   | Entered a bailey
  7530 | Bailey   | Slain by an orc warrior

Illustrated notes

Levels and vault maps discovered:
D:1:      kb_arrival_jail, layout_loops_corners, tso_altar
D:2:      layout_basic, overflow_temple_1_default, first_ration, bh_chokoban
D:3:      layout_basic
D:4:      layout_basic, old_standard_altar, serial_shops, shop, uniq_duvessa
D:5:      layout_basic
D:6:      layout_cave_pools, kennysheep_mini_moat
D:7:      layout_cave_pools, minitemple, lemuel_round_altar,
          grunt_temple_overflow_open, minmay_temple_entry_waves,
          grunt_ogre_cave, minmay_crossroads, uniq_crazy_yiuf_cottage
D:8:      layout_cave_pods, lair_entry_dummy, grunt_gozag_statues
D:9:      layout_cave_pools, enter_bailey_3
Bailey:   bailey_polearm_5, bailey

Skill      XL: |  1  2  3  4  5  6  7  8  9 |
---------------+----------------------------+-----
Fighting       | 4 5 6 7 8 10 | 10.2
Armour         | 4 5 6 7 8 10 | 10.1
Shields        | 4 |  4.3
Maces & Flails | 3 |  3.4
Long Blades    | 1 2 4 5 |  5.5
Axes           | 4 6 |  6.9

Action                   |  1- 3 |  4- 6 |  7- 9 || total
-------------------------+-------+-------+-------++-------
Melee: Flail             |    73 |    11 |       ||    84
       Headbutt          |     9 |    13 |    27 ||    49
       Great sword       |       |    93 |    31 ||   124
       Battleaxe         |       |       |   133 ||   133
  Use: Scroll            |       |     5 |     4 ||     9
       Potion            |       |     1 |     1 ||     2
  Eat: Chunk             |     1 |     8 |    12 ||    21
Armor: Scale mail        |    26 |    31 |    50 ||   107
       Ring mail         |       |    32 |    51 ||    83
Dodge: Dodged            |    23 |    65 |   130 ||   218
Block: Kite shield       |    46 |     3 |       ||    49
       Rpst.: Great sword |       |    13 |     7 ||    20

Table legend:
 A = Non-vault XP
 B = Vault XP
 C = Vault XP percentage of total XP
 D = Non-vault monster count
 E = Vault monster count
 F = Vault count percentage of total count
                 A         B        C        D         E       F
            +---------+---------+-------+---------+---------+-------
      Total |    4308 |     526 |  10.9 |     190 |      22 |  10.4
            +---------+---------+-------+---------+---------+-------
        D:1 |      58 |       0 |   0.0 |      28 |       0 |   0.0
        D:2 |     103 |       0 |   0.0 |      30 |       0 |   0.0
        D:3 |     150 |     223 |  59.8 |      34 |       2 |   5.6
        D:4 |     372 |       0 |   0.0 |      14 |       0 |   0.0
        D:5 |     538 |       0 |   0.0 |      18 |       0 |   0.0
        D:6 |     664 |       0 |   0.0 |      17 |       0 |   0.0
        D:7 |     665 |     120 |  15.3 |      12 |       2 |  14.3
        D:8 |    1033 |       0 |   0.0 |      23 |       0 |   0.0
        D:9 |     725 |       4 |   0.5 |      14 |       3 |  17.6
     Bailey |       0 |     179 | 100.0 |       0 |      15 | 100.0
            +---------+---------+-------+---------+---------+-------
